 Dungeon Crawl Stone Soup version 0.23.2-1-ga50397a6bc (webtiles) character file.

Game seed: 481724166428678809

318 GreaterElenko the Magician (level 6, -1/28 HPs)
             Began as a Spriggan Conjurer on Apr 20, 2019.
             Killed by nerve-wracking pain
             ... invoked by Menkaure
              (12 damage)
             ... on level 4 of the Dungeon.
             The game lasted 00:12:33 (4073 turns).

GreaterElenko the Magician (Spriggan Conjurer)      Turns: 4073, Time: 00:12:33

Health: -1/28      AC:  2    Str:  4    XL:     6   Next: 21%
Magic:  9/16       EV: 18    Int: 19    God:
Gold:   101        SH:  0    Dex: 16    Spells: 4/18 levels left

rFire    . . .     SeeInvis +   f - +1 dagger (venom)
rCold    + . .     Gourm    .   (shield restricted)
rNeg     . . .     Faith    .   a - +0 robe
rPois    .         Spirit   .   (helmet restricted)
rElec    .         Reflect  .   (no cloak)
rCorr    .         Harm     .   (gloves unavailable)
MR       +....                  (boots unavailable)
Stlth    ++........             (no amulet)
HPRegen  0.09/turn              (no ring)
MPRegen  0.15/turn              o - ring of protection from cold

@: very quick
A: very small, unfitting armour, see invisible, herbivore, speed 3, slow
metabolism 2
a: no special abilities


You were on level 4 of the Dungeon.
You were hungry.

You visited 1 branch of the dungeon, and saw 4 of its levels.
You also visited: Ossuary.

You collected 101 gold pieces.

Inventory:

Hand Weapons
 f - a +1 dagger of venom (weapon)
   (You found it on level 1 of the Dungeon)
Armour
 a - a +0 robe (worn)
Jewellery
 j - a cursed amulet of inaccuracy {unknown}
   (You found it on level 2 of the Dungeon)
 l - a cursed amulet of the acrobat {unknown}
   (You found it on level 2 of the Dungeon)
 o - a ring of protection from cold (right hand)
   (You found it on level 1 of the Dungeon)
Scrolls
 c - a scroll of noise {unknown}
 h - 3 scrolls of teleportation {unknown}
 m - 4 scrolls of identify {unknown}
 n - 2 scrolls of remove curse {@r2}
 q - 2 scrolls of blinking {unknown}
 r - 2 scrolls of fog {unknown}
 s - 2 scrolls of amnesia {unknown}
 u - a scroll of enchant weapon {unknown}
Potions
 b - a potion of might {unknown}
 d - 3 potions of flight {unknown}
 g - 3 potions of curing {unknown}
 i - 2 potions of brilliance {unknown}
 k - a potion of degeneration {unknown}
 p - 2 potions of heal wounds {unknown}
 t - a potion of mutation {unknown}
Comestibles
 e - 5 rations {!d}


   Skills:
 - Level 3.0 Dodging
 - Level 3.0 Stealth
 * Level 6.8 Spellcasting
 + Level 4.0 Conjurations


You had 4 spell levels left.
You knew the following spells:

 Your Spells              Type           Power        Failure   Level  Hunger
a - Magic Dart            Conj           ###.         1%          1    None
b - Dazzling Spray        Conj/Hex       ##....       14%         3    ##.....
s - Searing Ray           Conj           ###...       3%          2    None
x - Iskenderun's Mystic   Conj           ###.....     19%         4    ####...
z - Fulminant Prism       Conj/Hex       ##........   41%         4    ####...

Your spell library contained the following spells:

 Spells                   Type           Power        Failure   Level  Hunger
 Force Lance              Conj/Tloc      ##......     41%         4    ####...


Dungeon Overview and Level Annotations

Branches:
Dungeon (4/15)
 Temple: D:4-7

Altars:

Shops:
D:4 [

Annotations:
D:4 Menkaure


Innate Abilities, Weirdness & Mutations

You are very small and have problems with some larger weapons.
You are too small for most types of armour.
You have supernaturally acute eyesight. (SInv)
You are a herbivore.
You cover ground extremely quickly.
You need to consume almost no food.


Message History

The magic dart hits the gnoll but does no damage.
The gnoll closely misses you.
You see here 9 poisoned needles.
Aim: a gnoll, wielding a +0 halberd (heavily wounded)
The magic dart hits the gnoll.
Aim: a gnoll, wielding a +0 halberd (severely wounded)
The magic dart hits the gnoll but does no damage.
Aim: a gnoll, wielding a +0 halberd (severely wounded)
The magic dart hits the gnoll.
Aim: a gnoll, wielding a +0 halberd (almost dead)
The magic dart hits the gnoll but does no damage.
Aim: a gnoll, wielding a +0 halberd (almost dead)
The magic dart hits the gnoll.
You kill the gnoll!
You can't see any susceptible monsters within range! (Use Z to cast anyway.)
You start resting.
e - 5 rations {!d} (gained 1)
Things that are here:
a +0 halberd; a gnoll corpse Unknown command.
Menkaure shouts!
Menkaure is too close now for your liking.
Menkaure is nearby!
You can't see any susceptible monsters within range! (Use Z to cast anyway.)
Aim: Menkaure The magic dart hits Menkaure.
Menkaure gestures at you while chanting.
You resist with significant effort.
Aim: Menkaure (lightly damaged)
The magic dart hits Menkaure.
Menkaure calls on the powers of darkness!
Your body is wracked with pain!
Aim: Menkaure (lightly damaged)
The magic dart hits Menkaure.
Menkaure casts a spell.
Menkaure seems to speed up.
Aim: Menkaure (moderately damaged, fast)
The searing ray hits Menkaure. (Press . to maintain the ray.)
The searing ray misses Menkaure.
The searing ray hits Menkaure.
Menkaure casts a spell at you. Pain shoots through your body!
* * * LOW HITPOINT WARNING * * *
The searing ray hits Menkaure.
You finish channeling your searing ray.
Menkaure misses you.
Unknown command.
Menkaure gestures at you while chanting.
Pain shoots through your body!
You die...

#.## #..# ##..#
##...# ##)..##
##..### ##..##
##..## #.@##
##+)### ##.##
..#...##### #.M# >.
#..[...## #..# ..
#.M.....###..##
####........#....##
..##......))..$...#
..##..............#
..#...............#


You could see Menkaure.

Vanquished Creatures
  A bullfrog zombie (D:4)
  12 mummies (Ossuary)
  3 gnolls (D:4)
  2 adders (D:2)
  A worm (D:2)
  A dart slug (D:1)
  2 leopard geckos
  4 orcs
  7 bats
  3 giant cockroaches
  3 gnoll skeletons (Ossuary)
  4 goblins
  13 hobgoblins
  3 jackals (D:4)
  A ball python (D:1)
  3 frilled lizards
  4 goblin skeletons (Ossuary)
  A jackal skeleton (D:4)
  6 kobolds
  An orc skeleton (Ossuary)
  13 rats
  11 rat skeletons (Ossuary)
99 creatures vanquished.

Notes
Turn   | Place    | Note
-------+----------+-------------------------------------------
     0 | D:1      | GreaterElenko the Spriggan Conjurer began the quest for the
                  | Orb.
     0 | D:1      | Reached XP level 1. HP: 9/9 MP: 5/5
   130 | D:1      | Reached skill level 3 in Spellcasting
   282 | D:1      | Reached XP level 2. HP: 13/13 MP: 4/7
   709 | D:1      | Learned a level 2 spell: Searing Ray
   873 | D:1      | Reached skill level 4 in Spellcasting
   873 | D:1      | Reached XP level 3. HP: 16/16 MP: 3/9
  1683 | D:2      | Reached XP level 4. HP: 13/21 MP: 11/11
  1721 | D:3      | Noticed a hippogriff
  2073 | D:4      | Noticed a phantom
  2074 | D:4      | Reached skill level 5 in Spellcasting
  2090 | D:4      | Found Siubb's Antique Armour Shoppe.
  2295 | D:4      | HP: 1/21 [giant cockroach (1)]
  2382 | D:4      | Found a sand-covered staircase.
  2386 | Ossuary  | Entered an ossuary
  2651 | Ossuary  | Reached XP level 5. HP: 24/24 MP: 9/14
  3109 | Ossuary  | Reached skill level 6 in Spellcasting
  3163 | Ossuary  | Learned a level 3 spell: Dazzling Spray
  3168 | Ossuary  | Learned a level 4 spell: Iskenderun's Mystic Blast
  3173 | Ossuary  | Learned a level 4 spell: Fulminant Prism
  3812 | Ossuary  | Reached XP level 6. HP: 28/28 MP: 5/16
  3973 | D:4      | Noticed Menkaure
  4073 | D:4      | Killed from afar by Menkaure

Skill      XL: |  1  2  3  4  5 |
---------------+----------------+-----
Conjurations   | 3 4 |  4.0
Spellcasting   | 3 4 5 6 |  6.8
Dodging        | |  3.0
Stealth        | |  3.0

Action                   |  1- 3 |  4- 6 || total
-------------------------+-------+-------++-------
Melee: Unarmed           |    23 |       ||    23
       Dagger            |    64 |    34 ||    98
 Cast: Magic Dart        |    55 |    59 ||   114
       Searing Ray       |       |    23 ||    23
  Use: Scroll            |     1 |       ||     1
 Stab: Sleeping          |     1 |     5 ||     6
Armor: Robe              |    10 |     4 ||    14
Dodge: Dodged            |    84 |    52 ||   136
